TOP OF THE 1ST |
Rome Braves batting - Pitching for Milwaukee (NYP) Brewers : RHP Josh Brakefield
|
Pitching: RHP Josh Brakefield
|
|
Batting: RHB Carlos Livas
|
0-0: Called Strike 0-1: Ball 1-1: Foul Ball, location: 2F 1-2: Ground out 6-3 (Groundball, 6, EV 79.4 MPH)
|
Batting: LHB Mitsujiro Tanaka
|
0-0: Ball 1-0: Ball 2-0: Foul Ball, location: 2F 2-1: Ball 3-1: Foul Ball, location: 2F 3-2: Strikes out looking
|
Batting: RHB Rafael Reyes
|
0-0: Ball 1-0: Called Strike 1-1: Ground out 6-3 (Groundball, 6, EV 89.4 MPH)
|
Top of the 1st over - 0 runs, 0 hits, 0 errors, 0 left on base; Rome 0 - Milwaukee (NYP) 0 |
BOTTOM OF THE 1ST |
Milwaukee (NYP) Brewers batting - Pitching for Rome Braves : RHP Javy Hernandez
|
Pitching: RHP Javy Hernandez
|
|
Batting: RHB Lorenzo Diaz
|
0-0: Ball 1-0: SINGLE (Groundball, 56, EV 98.8 MPH)
|
Batting: RHB Xiao-shuang Au
|
0-0: SINGLE (Groundball, 6D, EV 105.6 MPH) Lorenzo Diaz to second
|
Batting: LHB Tyler Francis
|
0-0: Called Strike 0-1: Fielders Choice at 2nd, 1-6 (Groundball, 13S, EV 64.4 MPH) Lorenzo Diaz to third
|
Batting: LHB Fumito Sakurai
|
0-0: Fielders Choice at 2nd, 4-6 (Groundball, 4S, EV 80.6 MPH) Lorenzo Diaz scores
|
Batting: SHB Jerry Duffy
|
0-0: Swinging Strike 0-1: Foul Ball, location: 2F 0-2: SINGLE (Groundball, 34D, EV 98.8 MPH) Fumito Sakurai to second Fumito Sakurai to third
|
Batting: LHB Dusty Bryant
|
0-0: Foul Ball, location: 2F 0-1: Ball 1-1: Swinging Strike 1-2: Strikes out looking
|
Bottom of the 1st over - 1 run, 3 hits, 0 errors, 2 left on base; Rome 0 - Milwaukee (NYP) 1 |
TOP OF THE 2ND |
Rome Braves batting - Pitching for Milwaukee (NYP) Brewers : RHP Josh Brakefield
|
Batting: RHB Dave Pizarro
|
0-0: Called Strike 0-1: Ball 1-1: Ball 2-1: Ground out 4-3 (Groundball, 4, EV 83.1 MPH)
|
Batting: RHB Tony Cabrera
|
0-0: Ball 1-0: Ball 2-0: Foul Ball, location: 2F 2-1: Ground out 5-3 (Groundball, 56S, EV 68.8 MPH)
|
Batting: RHB Manny Hensley
|
0-0: Ball 1-0: Ground out 5-3 (Groundball, 5S, EV 87.5 MPH)
|
Top of the 2nd over - 0 runs, 0 hits, 0 errors, 0 left on base; Rome 0 - Milwaukee (NYP) 1 |
BOTTOM OF THE 2ND |
Milwaukee (NYP) Brewers batting - Pitching for Rome Braves : RHP Javy Hernandez
|
Batting: RHB Tony Beaumond
|
0-0: Called Strike 0-1: Ball 1-1: DOUBLE (Line Drive, 89D, EV 111.2 MPH)
|
Batting: RHB Dan Allred
|
0-0: Called Strike 0-1: Foul Ball, location: 2F 0-2: Foul Ball, location: 2F 0-2: Ball 1-2: Foul Ball, location: 2F 1-2: Strikes out swinging
|
Batting: RHB Chris Fruit
|
0-0: Called Strike 0-1: Ball 1-1: Ball 2-1: Ball 3-1: Called Strike 3-2: DOUBLE (Groundball, 3L, EV 93.8 MPH) Tony Beaumond scores
|
Batting: RHB Lorenzo Diaz
|
0-0: Foul Ball, location: 2F 0-1: Ground out 6-3 (Groundball, 56, EV 105.6 MPH)
|
Batting: RHB Xiao-shuang Au
|
0-0: Ball 1-0: Ball 2-0: Ball 3-0: Called Strike 3-1: Foul Ball, location: 2F 3-2: Base on Balls
|
Batting: LHB Tyler Francis
|
0-0: Fielders Choice at 2nd, 5-4 (Groundball, 5, EV 81.9 MPH)
|
Bottom of the 2nd over - 1 run, 2 hits, 0 errors, 2 left on base; Rome 0 - Milwaukee (NYP) 2 |
TOP OF THE 3RD |
Rome Braves batting - Pitching for Milwaukee (NYP) Brewers : RHP Josh Brakefield
|
Batting: LHB Ivan Castillo
|
0-0: Ball 1-0: Called Strike 1-1: Ball 2-1: Ground out 6-3 (Groundball, 6, EV 98.1 MPH)
|
Batting: RHB Yutaka Yamane
|
0-0: Ball 1-0: Called Strike 1-1: Ball 2-1: Foul Ball, location: 2F 2-2: Strikes out swinging
|
Batting: RHB Roberto Rios
|
0-0: Ground out 6-3 (Groundball, 6, EV 85.6 MPH)
|
Top of the 3rd over - 0 runs, 0 hits, 0 errors, 0 left on base; Rome 0 - Milwaukee (NYP) 2 |
BOTTOM OF THE 3RD |
Milwaukee (NYP) Brewers batting - Pitching for Rome Braves : RHP Javy Hernandez
|
Batting: LHB Fumito Sakurai
|
0-0: Ball 1-0: SINGLE (Line Drive, 8LS, EV 100.0 MPH)
|
Batting: SHB Jerry Duffy
|
0-0: Ball Fumito Sakurai is caught stealing 2nd base 2-6 1-0: Called Strike 1-1: Ball 2-1: Called Strike 2-2: Ground out 6-3 (Groundball, 6S, EV 84.4 MPH)
|
Batting: LHB Dusty Bryant
|
0-0: Ball 1-0: Swinging Strike 1-1: Foul Ball, location: 2F 1-2: Ball 2-2: Ball 3-2: Base on Balls
|
Batting: RHB Tony Beaumond
|
0-0: Ground out 4-3 (Groundball, 4, EV 87.5 MPH)
|
Bottom of the 3rd over - 0 runs, 1 hit, 0 errors, 1 left on base; Rome 0 - Milwaukee (NYP) 2 |
TOP OF THE 4TH |
Rome Braves batting - Pitching for Milwaukee (NYP) Brewers : RHP Josh Brakefield
|
Batting: RHB Carlos Livas
|
0-0: Foul Ball, location: 2F 0-1: Fly out, F9 (Flyball, 9S, EV 77.5 MPH)
|
Batting: LHB Mitsujiro Tanaka
|
0-0: Ball 1-0: Ball 2-0: Ball 3-0: Base on Balls
|
Batting: RHB Rafael Reyes
|
0-0: Ball Pickoff Throw to First - Out! 1-3 1-0: Called Strike 1-1: Foul Ball, location: 2F 1-2: Foul Ball, location: 2F 1-2: SINGLE (Groundball, 25, EV 70.0 MPH) (infield hit)
|
Batting: RHB Dave Pizarro
|
0-0: Called Strike 0-1: Ball Rafael Reyes steals 2nd, throwing error, E2 Rafael Reyes to third 1-1: Fly out, F8 (Flyball, 8LD, EV 103.1 MPH)
|
Top of the 4th over - 0 runs, 1 hit, 1 error, 1 left on base; Rome 0 - Milwaukee (NYP) 2 |
BOTTOM OF THE 4TH |
Milwaukee (NYP) Brewers batting - Pitching for Rome Braves : RHP Javy Hernandez
|
Batting: RHB Dan Allred
|
0-0: Ground out 4-3 (Groundball, 4, EV 76.9 MPH)
|
Batting: RHB Chris Fruit
|
0-0: Ball 1-0: Swinging Strike 1-1: Ball 2-1: Ball 3-1: Base on Balls
|
Batting: RHB Lorenzo Diaz
|
0-0: Ball Chris Fruit steals 2nd base 1-0: Called Strike 1-1: Foul Ball, location: 2F 1-2: DOUBLE (Line Drive, 89D, EV 101.9 MPH) Chris Fruit scores
|
Batting: RHB Xiao-shuang Au
|
0-0: Ball Lorenzo Diaz steals 3rd base 1-0: Called Strike 1-1: Ball 2-1: Foul Ball, location: 2F 2-2: Strikes out swinging
|
Batting: LHB Tyler Francis
|
0-0: Called Strike 0-1: SINGLE (Line Drive, 34, EV 95.6 MPH) Lorenzo Diaz scores
|
Batting: LHB Fumito Sakurai
|
0-0: Called Strike 0-1: Ball 1-1: Called Strike 1-2: Strikes out swinging
|
Bottom of the 4th over - 2 runs, 2 hits, 0 errors, 1 left on base; Rome 0 - Milwaukee (NYP) 4 |
TOP OF THE 5TH |
Rome Braves batting - Pitching for Milwaukee (NYP) Brewers : RHP Josh Brakefield
|
Batting: RHB Tony Cabrera
|
0-0: Called Strike 0-1: Swinging Strike 0-2: Fly out, F4 (Popup, 3DF, EV 75.6 MPH)
|
Batting: RHB Manny Hensley
|
0-0: Called Strike 0-1: Ball 1-1: Foul Ball, location: 2F 1-2: Strikes out swinging
|
Batting: LHB Ivan Castillo
|
0-0: Called Strike 0-1: Foul Ball, location: 2F 0-2: Foul Ball, location: 2F 0-2: Ground out 6-3 (Groundball, 6M, EV 88.1 MPH)
|
Top of the 5th over - 0 runs, 0 hits, 0 errors, 0 left on base; Rome 0 - Milwaukee (NYP) 4 |
BOTTOM OF THE 5TH |
Milwaukee (NYP) Brewers batting - Pitching for Rome Braves : RHP Javy Hernandez
|
Batting: SHB Jerry Duffy
|
0-0: Ball 1-0: Swinging Strike 1-1: Reached on error, E5 (Groundball, 56, EV 80.0 MPH)
|
Batting: LHB Dusty Bryant
|
0-0: Ball 1-0: Swinging Strike 1-1: Swinging Strike 1-2: Ball 2-2: Foul Ball, location: 2F 2-2: Strikes out swinging
|
Batting: RHB Tony Beaumond
|
0-0: Ball 1-0: Ground out 4-3 (Groundball, 34, EV 110.0 MPH) Jerry Duffy to second
|
Batting: RHB Dan Allred
|
0-0: Called Strike 0-1: Ball Passed Ball! Jerry Duffy to third 1-1: Ground out 4-3 (Groundball, 4S, EV 81.2 MPH)
|
Bottom of the 5th over - 0 runs, 0 hits, 1 error, 1 left on base; Rome 0 - Milwaukee (NYP) 4 |
TOP OF THE 6TH |
Rome Braves batting - Pitching for Milwaukee (NYP) Brewers : RHP Josh Brakefield
|
Batting: RHB Yutaka Yamane
|
0-0: Reached on error, E6 (Groundball, 6M, EV 90.0 MPH)
|
Batting: RHB Roberto Rios
|
0-0: Swinging Strike 0-1: Ball 1-1: Foul Ball, location: 2F 1-2: Fly out, F9 (Flyball, 9S, EV 87.5 MPH)
|
Batting: RHB Carlos Livas
|
0-0: Fly out, F8 (Flyball, 89D, EV 102.5 MPH)
|
Batting: LHB Mitsujiro Tanaka
|
0-0: Ball 1-0: Ball 2-0: Ground out 5-3 (Groundball, 5, EV 80.0 MPH)
|
Top of the 6th over - 0 runs, 0 hits, 1 error, 1 left on base; Rome 0 - Milwaukee (NYP) 4 |
BOTTOM OF THE 6TH |
Milwaukee (NYP) Brewers batting - Pitching for Rome Braves : RHP Javy Hernandez
|
Batting: RHB Chris Fruit
|
0-0: Called Strike 0-1: Foul Ball, location: 2F 0-2: Ground out 4-3 (Groundball, 4, EV 83.8 MPH)
|
Batting: RHB Lorenzo Diaz
|
0-0: Ground out 6-3 (Groundball, 6, EV 98.1 MPH)
|
Batting: RHB Xiao-shuang Au
|
0-0: Ball 1-0: Called Strike 1-1: Foul Ball, location: 2F 1-2: Ground out 6-3 (Groundball, 6M, EV 93.8 MPH)
|
Bottom of the 6th over - 0 runs, 0 hits, 0 errors, 0 left on base; Rome 0 - Milwaukee (NYP) 4 |
TOP OF THE 7TH |
Rome Braves batting - Pitching for Milwaukee (NYP) Brewers : RHP Josh Brakefield
|
Batting: RHB Rafael Reyes
|
0-0: Ball 1-0: Called Strike 1-1: Ball 2-1: Foul Ball, location: 2F 2-2: Foul Ball, location: 2F 2-2: Fly out, F6 (Line Drive, 6, EV 70.0 MPH)
|
Batting: RHB Dave Pizarro
|
0-0: Ball 1-0: Ball 2-0: Ground out 4-3 (Groundball, 4, EV 82.5 MPH)
|
Batting: RHB Tony Cabrera
|
0-0: Swinging Strike 0-1: TRIPLE (Flyball, 9LD, EV 110.6 MPH)
|
Batting: RHB Manny Hensley
|
0-0: Foul Ball, location: 2F 0-1: Swinging Strike 0-2: Strikes out swinging
|
Top of the 7th over - 0 runs, 1 hit, 0 errors, 1 left on base; Rome 0 - Milwaukee (NYP) 4 |
BOTTOM OF THE 7TH |
Milwaukee (NYP) Brewers batting - Pitching for Rome Braves : RHP Javy Hernandez
|
Batting: LHB Tyler Francis
|
0-0: Ball 1-0: Ball 2-0: Ball 3-0: Base on Balls
|
Batting: LHB Fumito Sakurai
|
0-0: Ball 1-0: Called Strike 1-1: Foul Ball, location: 2F 1-2: Fielders Choice at 2nd, 4-6 (Groundball, 4, EV 106.2 MPH)
|
Batting: SHB Jerry Duffy
|
0-0: Ball Fumito Sakurai steals 2nd base 1-0: Foul Ball, location: 2F 1-1: Swinging Strike 1-2: Ball 2-2: Ball Wild Pitch! Fumito Sakurai to third 3-2: Strikes out swinging
|
Pitching: RHP Tyler Duffy
|
|
Batting: LHB Dusty Bryant
|
0-0: Foul Ball, location: 2F 0-1: Ground out 4-3 (Groundball, 4, EV 90.6 MPH)
|
Bottom of the 7th over - 0 runs, 0 hits, 0 errors, 1 left on base; Rome 0 - Milwaukee (NYP) 4 |
TOP OF THE 8TH |
Rome Braves batting - Pitching for Milwaukee (NYP) Brewers : RHP Josh Brakefield
|
Pitching: RHP Corey Pierce
|
|
Batting: LHB Ivan Castillo
|
0-0: Ball 1-0: Ball 2-0: Ball 3-0: Base on Balls
|
Batting: RHB Yutaka Yamane
|
|
Pinch Hitting: LHB Shigeru Ono
|
0-0: Reached on error, E5 (Groundball, 56S, EV 77.5 MPH) Ivan Castillo to second
|
Batting: RHB Roberto Rios
|
0-0: Ball 1-0: Foul Ball, location: 2F 1-1: Called Strike 1-2: Strikes out looking
|
Batting: RHB Carlos Livas
|
0-0: Called Strike 0-1: Called Strike 0-2: Hit by Pitch Ivan Castillo to third Shigeru Ono to second
|
Batting: LHB Mitsujiro Tanaka
|
0-0: Ball 1-0: Ball 2-0: Ball 3-0: Called Strike 3-1: Base on Balls Ivan Castillo scores Shigeru Ono to third Carlos Livas to second
|
Batting: RHB Rafael Reyes
|
0-0: Ball 1-0: Ball 2-0: Ball 3-0: Called Strike 3-1: Base on Balls Shigeru Ono scores Carlos Livas to third Mitsujiro Tanaka to second
|
Batting: RHB Dave Pizarro
|
0-0: Ball 1-0: Ball 2-0: Ball 3-0: Base on Balls Carlos Livas scores Mitsujiro Tanaka to third Rafael Reyes to second
|
Batting: RHB Tony Cabrera
|
0-0: GRAND SLAM HOME RUN (Flyball, 78XD, EV 105.0 MPH), Distance : 430 ft
|
Pitching: RHP Omar Morales
|
|
Batting: RHB Manny Hensley
|
0-0: Foul Ball, location: 2F 0-1: Ball 1-1: Foul Ball, location: 2F 1-2: Ball 2-2: Foul Ball, location: 2F 2-2: Ground out 5-3 (Groundball, 56S, EV 81.9 MPH)
|
Batting: LHB Ivan Castillo
|
0-0: Called Strike 0-1: Ball 1-1: SINGLE (Groundball, 34S, EV 63.8 MPH) (infield hit)
|
Batting: LHB Shigeru Ono
|
0-0: Ground out 4-3 (Groundball, 4MS, EV 85.0 MPH)
|
Top of the 8th over - 7 runs, 2 hits, 1 error, 1 left on base; Rome 7 - Milwaukee (NYP) 4 |
BOTTOM OF THE 8TH |
Milwaukee (NYP) Brewers batting - Pitching for Rome Braves : RHP Tyler Duffy
|
Now in CF: Gebre-Giorgios Wangondu
|
|
Batting: RHB Tony Beaumond
|
0-0: Swinging Strike 0-1: Ball 1-1: Foul Ball, location: 2F 1-2: Strikes out swinging
|
Pinch Hitting: SHB Sam Bingham
|
0-0: Called Strike 0-1: Foul Ball, location: 2F 0-2: Ball 1-2: Ground out 6-3 (Groundball, 4, EV 105.0 MPH)
|
Batting: RHB Chris Fruit
|
0-0: Ground out 6-3 (Groundball, 6MD, EV 104.4 MPH)
|
Bottom of the 8th over - 0 runs, 0 hits, 0 errors, 0 left on base; Rome 7 - Milwaukee (NYP) 4 |
TOP OF THE 9TH |
Rome Braves batting - Pitching for Milwaukee (NYP) Brewers : RHP Omar Morales
|
Now at 2B: Sam Bingham
|
|
Batting: RHB Roberto Rios
|
0-0: Foul Ball, location: 2F 0-1: Foul Ball, location: 2F 0-2: Foul Ball, location: 2F 0-2: Strikes out swinging passed ball, reaches first!
|
Batting: RHB Carlos Livas
|
0-0: Ball 1-0: Bunt missed! 1-1: Sac Bunt to 13S - play at first, batter OUT! 1-3 Roberto Rios to second
|
Batting: LHB Mitsujiro Tanaka
|
0-0: Ball 1-0: DOUBLE (Flyball, 8LD, EV 88.8 MPH) Roberto Rios scores
|
Batting: RHB Rafael Reyes
|
0-0: Ball 1-0: Fly out, F1 (Line Drive, P, EV 73.8 MPH)
|
Batting: RHB Dave Pizarro
|
0-0: Called Strike 0-1: Foul Ball, location: 2F 0-2: Strikes out swinging
|
Top of the 9th over - 1 run, 1 hit, 0 errors, 1 left on base; Rome 8 - Milwaukee (NYP) 4 |
BOTTOM OF THE 9TH |
Milwaukee (NYP) Brewers batting - Pitching for Rome Braves : RHP Tyler Duffy
|
Pitching: RHP Jason Barber
|
|
Batting: RHB Lorenzo Diaz
|
0-0: Ball 1-0: Ground out 4-3 (Groundball, 4S, EV 95.0 MPH)
|
Batting: RHB Xiao-shuang Au
|
0-0: Swinging Strike 0-1: Ball 1-1: DOUBLE (Line Drive, 78D, EV 105.0 MPH)
|
Batting: LHB Tyler Francis
|
0-0: Swinging Strike 0-1: Ball 1-1: Fly out, F6 (Line Drive, 4M, EV 65.6 MPH)
|
Batting: LHB Fumito Sakurai
|
0-0: Ball 1-0: TRIPLE (Line Drive, 9LD, EV 108.8 MPH) Xiao-shuang Au scores
|
Batting: SHB Jerry Duffy
|
0-0: Called Strike 0-1: Ball 1-1: Ball 2-1: Hit by Pitch
|
Batting: LHB Dusty Bryant
|
0-0: Ball 1-0: Ball 2-0: 3-RUN HOME RUN (Flyball, 9D, EV 98.1 MPH), Distance : 364 ft
|
Pitching: RHP Orlando Mosqueda
|
|
Batting: RHB Tony Beaumond
|
0-0: Ground out 6-3 (Groundball, 6, EV 105.0 MPH)
|
Bottom of the 9th over - 4 runs, 3 hits, 0 errors, 0 left on base; Rome 8 - Milwaukee (NYP) 8 |
TOP OF THE 10TH |
Rome Braves batting - Pitching for Milwaukee (NYP) Brewers : RHP Omar Morales
|
Batting: RHB Tony Cabrera
|
0-0: Foul Ball, location: 2F 0-1: Swinging Strike 0-2: Strikes out looking
|
Batting: RHB Manny Hensley
|
0-0: Fly out, F6 (Line Drive, 6, EV 71.2 MPH)
|
Batting: LHB Ivan Castillo
|
0-0: Ball 1-0: Ball 2-0: Foul Ball, location: 2F 2-1: Foul Ball, location: 2F 2-2: Strikes out swinging
|
Top of the 10th over - 0 runs, 0 hits, 0 errors, 0 left on base; Rome 8 - Milwaukee (NYP) 8 |
BOTTOM OF THE 10TH |
Milwaukee (NYP) Brewers batting - Pitching for Rome Braves : RHP Orlando Mosqueda
|
Batting: SHB Sam Bingham
|
0-0: Ball 1-0: Fly out, F8 (Line Drive, 89S, EV 93.8 MPH)
|
Batting: RHB Chris Fruit
|
0-0: Ground out 4-3 (Groundball, 34, EV 85.6 MPH)
|
Pinch Hitting: LHB Steven Donovan
|
0-0: Ball 1-0: Ball 2-0: Called Strike 2-1: Foul Ball, location: 2F 2-2: Ball 3-2: Ground out 5-3 (Groundball, 56, EV 105.0 MPH)
|
Bottom of the 10th over - 0 runs, 0 hits, 0 errors, 0 left on base; Rome 8 - Milwaukee (NYP) 8 |
TOP OF THE 11TH |
Rome Braves batting - Pitching for Milwaukee (NYP) Brewers : RHP Omar Morales
|
Pitching: RHP Dustin Pryor
|
|
Now at SS: Juan Villanueva
|
|
Pinch Hitting: LHB Adam Hairston
|
0-0: Foul Ball, location: 2F 0-1: Ground out 4-3 (Groundball, 4M, EV 80.6 MPH)
|
Pinch Hitting: LHB Diego Garcia
|
0-0: Ball 1-0: Ground out 6-3 (Groundball, 56, EV 88.1 MPH)
|
Batting: RHB Carlos Livas
|
0-0: Called Strike 0-1: Ball 1-1: Ball 2-1: Called Strike 2-2: Foul Ball, location: 2F 2-2: Strikes out swinging
|
Top of the 11th over - 0 runs, 0 hits, 0 errors, 0 left on base; Rome 8 - Milwaukee (NYP) 8 |
BOTTOM OF THE 11TH |
Milwaukee (NYP) Brewers batting - Pitching for Rome Braves : RHP Orlando Mosqueda
|
Now at C: Jason Herr
|
|
Now in CF: Armando Vazquez
|
|
Batting: RHB Xiao-shuang Au
|
0-0: Called Strike 0-1: Called Strike 0-2: Ball 1-2: Strikes out looking
|
Batting: LHB Tyler Francis
|
0-0: Ball 1-0: Foul Ball, location: 2F 1-1: Ball 2-1: Foul Ball, location: 2F 2-2: Ball 3-2: Foul Ball, location: 2F 3-2: Strikes out looking
|
Batting: LHB Fumito Sakurai
|
0-0: Ball 1-0: Ground out U3 (Groundball, 3L, EV 90.0 MPH)
|
Bottom of the 11th over - 0 runs, 0 hits, 0 errors, 0 left on base; Rome 8 - Milwaukee (NYP) 8 |
TOP OF THE 12TH |
Rome Braves batting - Pitching for Milwaukee (NYP) Brewers : RHP Dustin Pryor
|
Batting: LHB Mitsujiro Tanaka
|
0-0: Called Strike 0-1: Ball 1-1: Ball 2-1: Called Strike 2-2: Ball 3-2: SINGLE (Groundball, 4D, EV 108.1 MPH)
|
Batting: RHB Rafael Reyes
|
0-0: Called Strike 0-1: Foul Ball, location: 2F 0-2: Strikes out swinging
|
Pitching: RHP Tom Wendel
|
|
Batting: RHB Dave Pizarro
|
0-0: Called Strike Mitsujiro Tanaka is caught stealing 2nd base 2-4 0-1: Foul Ball, location: 2F 0-2: Ground out U3 (Groundball, 34, EV 85.0 MPH)
|
Top of the 12th over - 0 runs, 1 hit, 0 errors, 0 left on base; Rome 8 - Milwaukee (NYP) 8 |
BOTTOM OF THE 12TH |
Milwaukee (NYP) Brewers batting - Pitching for Rome Braves : RHP Orlando Mosqueda
|
Batting: SHB Jerry Duffy
|
0-0: Ball 1-0: Called Strike 1-1: Swinging Strike 1-2: Ball 2-2: Ball 3-2: Foul Ball, location: 2F 3-2: Base on Balls
|
Batting: LHB Dusty Bryant
|
0-0: Ball 1-0: Ball 2-0: Ball 3-0: Base on Balls Jerry Duffy to second
|
Batting: RHB Tony Beaumond
|
0-0: Ball 1-0: Ball 2-0: Grounds into double play, 6-4-3 (Groundball, 56D, EV 90.0 MPH) Jerry Duffy to third
|
Batting: SHB Sam Bingham
|
0-0: Intentional Walk
|
Batting: RHB Chris Fruit
|
0-0: Foul Ball, location: 2F 0-1: Ball 1-1: Called Strike 1-2: Strikes out swinging
|
Bottom of the 12th over - 0 runs, 0 hits, 0 errors, 2 left on base; Rome 8 - Milwaukee (NYP) 8 |
TOP OF THE 13TH |
Rome Braves batting - Pitching for Milwaukee (NYP) Brewers : RHP Tom Wendel
|
Batting: RHB Tony Cabrera
|
0-0: Ball 1-0: Called Strike 1-1: Ball 2-1: Called Strike 2-2: Strikes out swinging
|
Batting: RHB Manny Hensley
|
0-0: Ball 1-0: Swinging Strike 1-1: Called Strike 1-2: Strikes out swinging
|
Batting: LHB Ivan Castillo
|
0-0: Ball 1-0: Ground out 4-3 (Groundball, 4, EV 82.5 MPH)
|
Top of the 13th over - 0 runs, 0 hits, 0 errors, 0 left on base; Rome 8 - Milwaukee (NYP) 8 |
BOTTOM OF THE 13TH |
Milwaukee (NYP) Brewers batting - Pitching for Rome Braves : RHP Orlando Mosqueda
|
Batting: RHB Juan Villanueva
|
0-0: Called Strike 0-1: Swinging Strike 0-2: Ball 1-2: Ball 2-2: Strikes out swinging
|
Batting: RHB Xiao-shuang Au
|
0-0: Ball 1-0: Called Strike 1-1: Ball 2-1: Foul Ball, location: 2F 2-2: Ball 3-2: Foul Ball, location: 2F 3-2: Base on Balls
|
Pitching: RHP Josh Wollaston
|
|
Batting: LHB Tyler Francis
|
0-0: Called Strike 0-1: DOUBLE (Line Drive, 7LD, EV 101.2 MPH) Xiao-shuang Au to third
|
Batting: LHB Fumito Sakurai
|
0-0: Foul Ball, location: 2F 0-1: Ball 1-1: Swinging Strike 1-2: Ball 2-2: Foul Ball, location: 2F 2-2: Foul Ball, location: 2F 2-2: Strikes out looking
|
Batting: SHB Jerry Duffy
|
0-0: Ball Balk! Xiao-shuang Au scores
|
Bottom of the 13th over - 1 run, 1 hit, 0 errors, 1 left on base; Rome 8 - Milwaukee (NYP) 9 |
|